 Dungeon Crawl Stone Soup version 0.29.0-4-gdea44cf6ec (webtiles) character file.

Game seed: 15688350004683767527

18 qw the Firebug (level 2, 0/23 HPs)
             Began as a Ghoul Fire Elementalist on Aug 29, 2022.
             Slain by a goblin
             ... wielding a +0 rapier
              (1 damage)
             ... on level 2 of the Dungeon.
             The game lasted 00:00:58 (1253 turns).

qw the Firebug (Ghoul Fire Elementalist)            Turns: 1253, Time: 00:00:59

Health: 0/23       AC:  4    Str: 11    XL:     2   Next: 70%
Magic:  3/3        EV: 11    Int: 10    God:
Gold:   108        SH:  0    Dex:  9    Spells: 3/4 levels left

rFire   . . .      SeeInvis .     - Unarmed
rCold   + . .      Faith    .   (no shield)
rNeg    + + +      Spirit   .   g - +0 leather armour
rPois   inf        Reflect  .   l - +0 helmet
rElec   .          Harm     .   (no cloak)
rCorr   .          Rampage  .   (no gloves)
Will    .....                   (no boots)
Stlth   +.........              (no amulet)
HPRegen 0.00/turn               (no ring)
MPRegen 0.08/turn               (no ring)

@: inhibited regen
A: claws 1, cold resistance 1, negative energy resistance 3, inhibited
regeneration, torment resistance 2, devour on kill
a: no special abilities


You were on level 2 of the Dungeon.
You visited 1 branch of the dungeon, and saw 2 of its levels.

You collected 108 gold pieces.


Innate Abilities, Weirdness & Mutations

You are immune to poison.
You have sharp fingernails.
Your flesh is cold resistant. (rC+)
You are immune to negative energy. (rN+++)
You do not regenerate when monsters are visible.
You are immune to unholy pain and torment.
You thrive by killing the living.


   Skills:
 - Level 1.2 Fighting
 - Level 1.7 Dodging
 - Level 2.1 Stealth
 + Level 2.0 Unarmed Combat
 - Level 1.7 Spellcasting
 - Level 0.7 Conjurations
 - Level 2.4 Fire Magic


You had 3 spell levels left.
You knew the following spells:

 Your Spells              Type           Power      Damage    Failure   Level
a - Foxfire               Conj/Fire      16%        2x1d4     22%         1

Your spell library contained the following spells:

 Spells                   Type           Power      Damage    Failure   Level
 Scorch                   Fire           10%        2d6       24%         2
 Conjure Flame            Conj/Fire      4%         6-21      54%         3
 Inner Flame              Hex/Fire       3%         N/A       61%         3
 Flame Wave               Conj/Fire      4%         2d5       91%         4

Inventory:

Armour
 a - a +0 scale mail
 b - a +0 chain mail
 g - a +0 leather armour (worn)
 l - a +0 helmet (worn)
Scrolls
 c - 2 scrolls of amnesia {unknown}
Potions
 e - a potion of cancellation
 h - a potion of curing {unknown}
 i - a potion of haste

Dungeon Overview and Level Annotations

Branches:
Dungeon (2/15)

Altars:


Message History

The goblin shouts! x2; The hobgoblin shouts!
You hear a shout!
A goblin comes into view. It is wielding a +0 club.
You hear a shout!
The goblin shouts!
You hear a shout!
1238 ||| Stepping ~*~*~tactically~*~*~ (stealth).
You hear a shout! x3; You hear an angry hiss.
You closely miss the goblin. The goblin hits you with a +0 rapier.
You scratch the goblin but do no damage.
The goblin hits you with a +0 rapier. The goblin closely misses you.
You scratch the goblin.
You kill the goblin!
The goblin misses you.
You scratch the goblin.
The goblin is heavily wounded.
The goblin hits you with a +0 club. The goblin hits you with a +0 rapier.
You closely miss the goblin. Your claw misses the goblin.
The goblin is heavily wounded.
The goblin hits you but does no damage. x2
You barely miss the goblin.
The goblin is heavily wounded.
The goblin hits you with a +0 club. The goblin hits you with a +0 rapier.
You scratch the goblin.
You kill the goblin!
You feel better. The goblin closely misses you.
You scratch the hobgoblin.
The hobgoblin is severely wounded.
The goblin closely misses you. The hobgoblin misses you.
You claw the hobgoblin!
You kill the hobgoblin!
You feel better. The goblin closely misses you.
Your Unarmed Combat skill increases to level 2!
You closely miss the goblin. The goblin hits you with a +0 rapier.
The goblin hits you with a +0 dagger.
You closely miss the goblin. The goblin hits you with a +0 rapier.
The goblin hits you with a +0 dagger.
You scratch the goblin but do no damage.
The goblin hits you but does no damage. The goblin hits you with a +0 rapier.
You die...

#. #.# #.# #. #.#
######.# # #..
#.# #.......
#.#.. #.#
#.....##
#..g..#=#
#.......
#g#...#.#######
#.......
gggg..gg.......
+....... #g# #
#....... #@# g#
###..#.. #g### .#
##.#.. #...# ..#
#.(.. .#
#.#.##..# ###..
....##.>...# ###
.........#.##
...<..#.#.# .. ##
......).#.#######
...
..<.....#.......#
###


You could see 4 goblins.

Vanquished Creatures
  A dart slug (D:1)
  An endoplasm (D:1)
  6 hobgoblins
  A ball python (D:2)
  2 goblins (D:2)
  A kobold (D:1)
  4 rats
16 creatures vanquished.

Notes
Turn   | Place    | Note
-------+----------+-------------------------------------------
     0 | D:1      | qw the Ghoul Fire Elementalist began the quest for the Orb.
     0 | D:1      | Reached XP level 1. HP: 14/14 MP: 2/2
     0 | D:1      | 0 ||| qw: Version: 0.1-a-90-g952f4b7
     0 | D:1      | 0 ||| qw: Game counter: 4042
     0 | D:1      | 0 ||| qw: Always use a shield: true
     0 | D:1      | 0 ||| qw: God list: Okawaru
     0 | D:1      | 0 ||| qw: Allow faded altars: false
     0 | D:1      | 0 ||| qw: Do Orc after D:15 true
     0 | D:1      | 0 ||| qw: Do second Lair branch before Depths: true
     0 | D:1      | 0 ||| qw: Lair rune preference: random
     0 | D:1      | 0 ||| qw: Plans: Normal
     0 | D:1      | 0 ||| PLANNING D:1-11
   220 | D:1      | Reached skill level 1 in Unarmed Combat
   439 | D:1      | Reached skill level 1 in Fighting
   439 | D:1      | Reached XP level 2. HP: 20/23 MP: 3/3
   537 | D:1      | Found a faded altar of an unknown god.
   817 | D:1      | 817 ||| UPGRADING to +0 leather armour.
   827 | D:1      | 827 ||| DROPPING +0 robe.
   828 | D:1      | 828 ||| UPGRADING to +0 helmet.
   833 | D:1      | 833 ||| READING scroll labelled EWNUQO SIFRO.
   834 | D:1      | 834 ||| READING scroll labelled CUNIDGH HUCRUNN.
   835 | D:1      | 835 ||| READING scroll labelled YFRIGU TIRGHUSA.
   836 | D:1      | 836 ||| READING scroll labelled VIUSTRE JOQUP.
   841 | D:1      | 841 ||| READING scroll labelled SILOSK DONIF.
   842 | D:1      | 842 ||| DRINKING 2 cyan potions.
   843 | D:1      | 843 ||| DRINKING 2 emerald potions.
   844 | D:1      | 844 ||| DROPPING potion of magic.
   924 | D:2      | 924 ||| Stepping ~*~*~tactically~*~*~ (stealth).
  1229 | D:2      | 1229 ||| Stepping ~*~*~tactically~*~*~ (stealth).
  1238 | D:2      | 1238 ||| Stepping ~*~*~tactically~*~*~ (stealth).
  1252 | D:2      | HP: 2/23 [goblin/+0 rapier (5)]
  1253 | D:2      | Slain by a goblin

Levels and vault maps discovered:
D:1:      lightli_arrival_windingriver, layout_rooms,
          ebering_ecumenical_altar_webs
D:2:      layout_basic, uniq_robin

Skill      XL: |  1  2 |
---------------+-------+-----
Unarmed Combat | 1 2 |  2.0
Fighting       | 1 |  1.2
Dodging        | |  1.7
Stealth        | |  2.1
Spellcasting   | |  1.7
Conjurations   | |  0.7
Fire Magic     | |  2.4

Action                   || total
-------------------------++-------
Melee: Unarmed           ||    59
       Punch             ||     1
  Use: Scroll            ||     5
       Potion            ||     2
Armor: Robe              ||     4
       Leather armour    ||     6
Dodge: Dodged            ||    24

Table legend:
 A = Non-vault XP
 B = Vault XP
 C = Vault XP percentage of total XP
 D = Non-vault monster count
 E = Vault monster count
 F = Vault count percentage of total count
                 A         B        C        D         E       F
            +---------+---------+-------+---------+---------+-------
      Total |      22 |       5 |  18.5 |      13 |       3 |  18.8
            +---------+---------+-------+---------+---------+-------
        D:1 |      14 |       0 |   0.0 |       8 |       0 |   0.0
        D:2 |       8 |       5 |  38.5 |       5 |       3 |  37.5
            +---------+---------+-------+---------+---------+-------
